 Dungeon Crawl Stone Soup version 0.19.5 (webtiles) character file.

111 Gargoyl the Skirmisher (level 4, -1/40 HPs)
             Began as a Ghoul Abyssal Knight on Apr 22, 2017.
             Was a Believer of Lugonu.
             Slain by a hobgoblin (5 damage)
             ... led by Robin
             ... on level 3 of the Dungeon.
             The game lasted 00:05:51 (1945 turns).

Gargoyl the Skirmisher (Ghoul Abyssal Knight)       Turns: 1945, Time: 00:05:52

Health: -1/40      AC:  9    Str: 15    XL:     4   Next: 92%
Magic:  3/4        EV:  9    Int:  5    God:    Lugonu [**....]
Gold:   108        SH:  0    Dex:  9    Spells: 0 memorised, 3 levels left

rFire  . . .     SeeInvis .     p - +1 war axe
rCold  + . .     Gourm    .     d - +0 scale mail
rNeg   + + +     Faith    .     (no shield)
rPois  ∞         Spirit   .     n - +2 helmet
rElec  .         Reflect  .     (no cloak)
rCorr  .         Harm     .     (no gloves)
MR     .....                    (no boots)
Stlth  ..........               (no amulet)
                                (no ring)
                                k - -2 ring of intelligence (curse)

@: rotting
A: rotting body, claws 1, carnivore 3, cold resistance 1, negative energy
resistance 3, slow regeneration 1, torment resistance, unbreathing
a: Depart the Abyss, Bend Space, Renounce Religion


You were on level 3 of the Dungeon.
You worshipped Lugonu.
Lugonu was pleased with you.
You were not hungry.

You visited 1 branch of the dungeon, and saw 3 of its levels.
You visited the Abyss 1 time.

You collected 108 gold pieces.

Inventory:

Hand Weapons
 a - a +1 hand axe
 p - a +1 war axe (weapon)
Missiles
 e - 5 javelins (quivered)
Armour
 d - a +0 scale mail (worn)
 n - a +2 helmet (worn)
Jewellery
 k - a cursed -2 ring of intelligence (left claw)
Scrolls
 l - 2 scrolls of identify
Potions
 j - a potion of cure mutation {unknown}
Comestibles
 c - 4 meat rations
 f - a beef jerky
 i - a slice of pizza


   Skills:
 + Level 4.0 Fighting
 + Level 2.8 Axes
 * Level 3.0 Armour
 + Level 0.8 Dodging
 * Level 2.5 Invocations


You had 3 spell levels left.
You didn't know any spells.

Dungeon Overview and Level Annotations

Branches:
Dungeon (3/15)

Altars:
Cheibriados
Nemelex Xobeh
Okawaru
Vehumet

Annotations:
D:3 Robin


Innate Abilities, Weirdness & Mutations

Your body is rotting away.
You thrive on raw meat.
You are immune to poison.
You have sharp fingernails.
You are carnivorous and can eat meat at any time.
Your flesh is cold resistant. (rC+)
You are immune to negative energy. (rN+++)
You regenerate slowly when monsters are visible.
You are immune to unholy pain and torment.
You can survive without breathing.


Message History

The goblin hits you but does no damage. The hobgoblin hits you.
The hobgoblin hits you but does no damage.
It was a potion of cancellation.
Your magical effects are unravelling.
You feel magically purged.
You feel a little less mighty now. Robin hits you but does no damage.
The goblin hits you but does no damage. The goblin hits you with a dagger.
* * * LOW HITPOINT WARNING * * *
The hobgoblin barely misses you. The hobgoblin hits you.
* * * LOW HITPOINT WARNING * * *
You barely miss the goblin. You hit the hobgoblin. You hit Robin.
You completely miss the hobgoblin. You hit the goblin.
The goblin no longer looks unusually strong.
The hobgoblin no longer looks unusually strong.
Robin hits you but does no damage. The goblin hits you with a club.
* * * LOW HITPOINT WARNING * * *
The hobgoblin barely misses you. The goblin hits you but does no damage.
The hobgoblin hits you.
You die...

#... #.# ######.# #.#
#....... ##.##
#.####.# ... #.# #.#
##)# ##.## # #..#
#gg)#.# #.## #@go..#
#.## #gg)..# ##.###.#.
...g................
..........#######.#.#.
..######.## #.##..# .
.# ##.##.. .# #.#.# .#
###..# #.....


You could see Robin, an orc, 3 hobgoblins and 2 goblins.

Vanquished Creatures
  Natasha (D:3)
  3 adders
  An ooze (D:2)
  3 worms (D:2)
  A leopard gecko (D:2)
  2 giant cockroaches
  13 goblins
  5 hobgoblins
  2 jackals (D:2)
  2 ball pythons
  4 bats
  3 frilled lizards
  5 kobolds
  2 rats
47 creatures vanquished.

Notes
Turn   | Place    | Note
-------+----------+-------------------------------------------
     0 | Abyss:1  | Gargoyl the Ghoul Abyssal Knight began the quest for the Orb.
     0 | Abyss:1  | Reached XP level 1. HP: 19/19 MP: 1/1
    35 | Abyss:2  | Noticed a brown very ugly thing
    36 | Abyss:2  | Noticed a brown very ugly thing
    36 | Abyss:2  | Noticed a guardian serpent
    36 | Abyss:2  | Noticed a naga warrior
    36 | Abyss:2  | Noticed a naga
    36 | Abyss:2  | Noticed a naga
    39 | D:1      | Escaped the Abyss
   530 | D:1      | Reached * piety under Lugonu
   530 | D:1      | Reached XP level 2. HP: 21/26 MP: 2/2
  1130 | D:2      | Reached XP level 3. HP: 26/33 MP: 3/3
  1340 | D:2      | Found a sparkling altar of Nemelex Xobeh.
  1340 | D:2      | Found a radiant altar of Vehumet.
  1345 | D:2      | Found a faded altar of an unknown god.
  1347 | D:2      | Found an iron altar of Okawaru.
  1348 | D:2      | Found a snail-covered altar of Cheibriados.
  1441 | D:2      | Reached XP level 4. HP: 15/40 MP: 4/4
  1886 | D:3      | Noticed Natasha
  1895 | D:3      | Killed Natasha
  1895 | D:3      | Reached skill level 4 in Fighting
  1934 | D:3      | Noticed Robin
  1936 | D:3      | Reached ** piety under Lugonu
  1945 | D:3      | Slain by a hobgoblin

Skill      XL: |  1  2  3  4 |
---------------+-------------+-----
Armour         | 2 3 |  3.0
Axes           | 2 |  2.8
Fighting       | 4 |  4.0
Dodging        | |  0.8
Invocations    | |  2.5

Action                   |  1- 3 |  4- 6 || total
-------------------------+-------+-------++-------
Melee: Hand axe          |    96 |    47 ||   143
       War axe           |       |     6 ||     6
Invok: Depart the Abyss  |     1 |       ||     1
       Bend Space        |       |     1 ||     1
  Use: Scroll            |     4 |     2 ||     6
       Potion            |       |     4 ||     4
  Eat: Chunk             |     8 |    15 ||    23
Armor: Scale mail        |    52 |    39 ||    91
Dodge: Dodged            |    59 |    37 ||    96
